 Dungeon Crawl Stone Soup version 0.29-a0-330-g52719c12eb (webtiles) character file.

Game seed: 17880901484641272428

363 sking99 the Ruffian (level 6, -5/53 HPs)
             Began as a Draconian Monk on May 18, 2022.
             Was a Follower of Okawaru.
             Splashed by a jelly's acid (8 damage)
             ... on level 4 of the Dungeon.
             The game lasted 00:05:28 (3010 turns).

sking99 the Ruffian (Draconian Monk)                Turns: 3010, Time: 00:05:29

Health: -5/53      AC: -1    Str: 16    XL:     6   Next: 39%
Magic:  7/7        EV: 15    Int: 10    God:    Okawaru [*.....]
Gold:   178        SH:  0    Dex: 13    Spells: 5/5 levels left

rFire   . . .      SeeInvis .     - Unarmed
rCold   . . .      Faith    .   (no shield)
rNeg    . . .      Spirit   .   (body armour unavailable)
rPois   .          Reflect  .   (helmet restricted)
rElec   .          Harm     .   (no cloak)
rCorr   .          Rampage  .   (no gloves)
Will    .....                   b - +0 pair of boots
Stlth   +.........              (no amulet)
HPRegen 0.17/turn               m - +4 ring of protection
MPRegen 0.10/turn               (no ring)

@: confused, heroic, ambrosia-drunk, corroded
A: AC +6, unfitting armour, cold-blooded
a: Renounce Religion, Heroism


You were on level 4 of the Dungeon.
You worshipped Okawaru.
Okawaru was aware of your devotion.
You visited 1 branch of the dungeon, and saw 4 of its levels.

You collected 178 gold pieces.

Inventory:

Missiles
 l - 3 poisoned darts (quivered)
Armour
 b - a +0 pair of boots (worn)
Jewellery
 e - a ring of fire
 m - a +4 ring of protection (left hand)
Wands
 j - a wand of flame (8)
 r - a wand of acid (8)
Scrolls
 c - 3 scrolls of identify {unknown}
 d - 3 scrolls of vulnerability {unknown}
 g - a scroll of blinking {unknown}
 h - a scroll of magic mapping {unknown}
 p - a scroll of enchant weapon {unknown}
 q - a scroll of amnesia {unknown}
 s - a scroll of enchant armour {unknown}
 t - a scroll of noise {unknown}
 u - a scroll of teleportation {unknown}
Potions
 f - a potion of curing {unknown}
 i - a potion of resistance {unknown}
 k - a potion of cancellation {unknown}
 n - a potion of attraction {unknown}
 o - a potion of heal wounds {unknown}


   Skills:
 - Level 4.6(9.6) Fighting
 - Level 3.8(8.8) Dodging
 - Level 1.7(6.7) Stealth
 - Level 5.3(10.3) Unarmed Combat
 * Level 2.0 Invocations
 + Level 0.3 Evocations


You had 5 spell levels left.
You didn't know any spells.
Your spell library was empty.

Dungeon Overview and Level Annotations

Branches:
Dungeon (4/15)
 Temple: D:4-7

Altars:
Okawaru


Innate Abilities, Weirdness & Mutations

Your plain brown scales are hard. (AC +6)
You cannot fit into any form of body armour.
You are cold-blooded and may be slowed by cold attacks.


Message History

The endoplasm barely misses you.
You hit the endoplasm.
You kill the endoplasm!
Okawaru accepts your kill.
c - 3 scrolls labelled RYKUME YFFAMNI (gained 1)
u - a scroll labelled NISHUPNUGGUG
Found a stone staircase leading down.
There is a stone staircase leading down here.
A jelly comes into view.
The jelly quivers.
The jelly hits you. The acid corrodes you!
You are splashed with acid.
You completely miss the jelly. The jelly barely misses you.
You hit the jelly but do no damage. The acid corrodes you!
Your hands burn!
The jelly hits you.
You are splashed with acid!
You hit the jelly but do no damage.
Your hands burn!
The jelly misses you.
You hit the jelly but do no damage.
Your hands burn!
You tail-slap the jelly, but do no damage.
The jelly hits you.
You are splashed with acid!
You gain the combat prowess of a mighty hero.
The jelly closely misses you.
You punch the jelly!
Your hands burn!
You tail-slap the jelly, but do no damage.
The jelly is heavily wounded.
You hit the jelly but do no damage.
Your hands burn!
* * * LOW HITPOINT WARNING * * *
The jelly is heavily wounded.
The jelly hits you but does no damage.
You hit the jelly. The acid corrodes you!
Your hands burn!
* * * LOW HITPOINT WARNING * * *
You punch the jelly, but do no damage.
The jelly is severely wounded.
The jelly hits you.
* * * LOW HITPOINT WARNING * * *
You are splashed with acid!
* * * LOW HITPOINT WARNING * * *
You are confused.
You feel invigorated. The jelly hits you.
* * * LOW HITPOINT WARNING * * *
You are splashed with acid!
You die...

##########
#........#
#.######.#
#####.# #.#
#.J@..# #.#
#.#####
#.####### #
#.......#
#######.#
##>#. ##.###
#.## # ##.###
..########.#.


You could see a jelly.

Vanquished Creatures
  Sigmund (D:2)
  A hound (D:2)
  An orc priest (D:3)
  Jessica (D:2)
  4 adders
  A dart slug (D:1)
  3 worms (D:3)
  5 orcs (D:3)
  3 endoplasms
  3 giant cockroaches
  7 goblins
  10 hobgoblins
  A jackal (D:2)
  2 quokkas
  5 ball pythons
  6 bats
  6 frilled lizards
  8 kobolds
  3 rats
  A spectral hobgoblin (D:2)
72 creatures vanquished.

Vanquished Creatures (others)
  5 plants (D:2)
5 creatures vanquished.

Grand Total: 77 creatures vanquished

Notes
Turn   | Place    | Note
-------+----------+-------------------------------------------
     0 | D:1      | sking99 the Draconian Monk began the quest for the Orb.
     0 | D:1      | Reached XP level 1. HP: 19/19 MP: 1/1
   328 | D:1      | You fall into a shaft and drop 1 floor!
   399 | D:2      | Reached XP level 2. HP: 24/26 MP: 2/2
   649 | D:2      | Reached XP level 3. HP: 23/33 MP: 3/3
   762 | D:2      | Reached skill level 4 in Unarmed Combat
   888 | D:2      | Noticed Jessica
   896 | D:2      | Killed Jessica
   897 | D:2      | Reached XP level 4. HP: 38/40 MP: 4/4
  1887 | D:2      | Noticed Sigmund
  1900 | D:2      | Killed Sigmund
  1901 | D:2      | Reached skill level 5 in Unarmed Combat
  1901 | D:2      | Reached XP level 5. HP: 47/47 MP: 5/5
  1990 | D:2      | Reached XP level 6. HP: 53/53 MP: 6/6
  2097 | D:2      | Found a faded altar of an unknown god.
  2417 | D:3      | Found an iron altar of Okawaru.
  2426 | D:3      | Became a worshipper of Warmaster Okawaru
  2426 | D:3      | Reached * piety under Okawaru
  2426 | D:3      | Reached ** piety under Okawaru
  2497 | D:3      | Reached skill level 1 in Invocations
  3009 | D:4      | HP: 1/53 [acid (7)]
  3010 | D:4      | Splashed by a jelly's acid

Illustrated notes

Levels and vault maps discovered:
D:1:      minmay_arrival_radiant_lines, layout_loops_corners,
          skrybe_limestone_x, grunt_decor_one_mirror
D:2:      cheibrodos_old_hovel, layout_loops_ring,
          dreamdust_ecumenical_altar_drowned_temple, st_stairs_1, uniq_sigmund,
          uniq_jessica
D:3:      layout_rooms, okawaru_gym_becter, guppyfry_early_orc_mine
D:4:      layout_loops_ring, minmay_temple_entry_water_ring,
          minmay_tree_intersection, minmay_puff

Skill      XL: |  1  2  3  4  5  6 |
---------------+-------------------+-----
Dodging        | 3 |  3.8
Unarmed Combat | 4 5 |  5.3
Fighting       | 4 |  4.6
Invocations    | 2 |  2.0
Stealth        | |  1.7
Evocations     | |  0.3

Action                   |  1- 3 |  4- 6 || total
-------------------------+-------+-------++-------
Melee: Unarmed           |   100 |   157 ||   257
       Tailslap          |     8 |    13 ||    21
       Punch             |     2 |     7 ||     9
Invok: Heroism           |       |     3 ||     3
Evoke: Wand              |       |     3 ||     3
  Use: Potion            |       |     1 ||     1
 Stab: Sleeping          |     3 |     5 ||     8
Armor: Skin              |    25 |    46 ||    71
Dodge: Dodged            |    60 |   111 ||   171

Table legend: (Time is in decaauts)
 A = Elapsed time spent in this place.
 B = Non-inter-level travel time spent in this place.
 C = Inter-level travel time spent in this place.
 D = Time resting spent in this place.
 E = Time spent auto-exploring this place.
 F = Levels seen in this place.
 G = Mean time per level.
                   A        B        C        D        E       F      G
               +--------+--------+--------+--------+--------+-----+--------+
         Total |   2997 |   2893 |    104 |    404 |   1798 |   4 |  749.2 |
       Dungeon |   2997 |   2893 |    104 |    404 |   1798 |   4 |  749.2 |
               +--------+--------+--------+--------+--------+-----+--------+

Top non-repeatable levels by time:
     D:1: 1180 daAuts
     D:2: 1076 daAuts
     D:3: 655 daAuts
     D:4: 85 daAuts
